 Dungeon Crawl Stone Soup version 0.22-a0-412-g2b68d14 (webtiles) character file.

5716 George the Carver (level 10, -3/132 HPs)
             Began as a Minotaur Fighter on May 12, 2018.
             Was a Believer of the Shining One.
             Slain by a minotaur
             ... wielding an uncursed staff of conjuration
              (20 damage)
             ... in a labyrinth.
             The game lasted 00:14:53 (6817 turns).

George the Carver (Minotaur Fighter)                Turns: 6817, Time: 00:14:54

Health: -3/132     AC: 15    Str: 28    XL:     10   Next: 48%
Magic:  11/13      EV:  9    Int:  5    God:    the Shining One [**....]
Gold:   408        SH: 20    Dex: 11    Spells: 9/9 levels left

rFire    . . .     SeeInvis .   k - +0 scimitar
rCold    . . .     Gourm    .   c - +0 shield
rNeg     + . .     Faith    .   G - +0 plate armour
rPois    .         Spirit   .   (helmet restricted)
rElec    .         Reflect  .   l - scarf {cloud immunity}
rCorr    +         Harm     .   s - +0 pair of gloves
MR       .....                  (no boots)
Stlth    ..........             u - amulet of rage
HPRegen  0.32/turn              B - ring of resist corrosion
MPRegen  0.13/turn              (no ring)

@: berserking, divine shield, glowing, very quick
A: retaliatory headbutt, horns 2
a: Divine Shield, Renounce Religion, Evoke Berserk Rage


You were in a labyrinth.
You worshipped the Shining One.
The Shining One was pleased with you.
You were near starving.

You visited 2 branches of the dungeon, and saw 10 of its levels.
You also visited: Labyrinth.

You collected 408 gold pieces.

Inventory:

Hand Weapons
 i - a +0 short sword
 k - a +0 scimitar (weapon)
 A - a +3 rapier of protection
Armour
 c - a +0 shield (worn)
 l - a scarf of cloud immunity (worn)
 s - a +0 pair of gloves (worn)
 G - a +0 plate armour (worn)
Jewellery
 u - an amulet of rage (around neck)
 w - an uncursed ring of ice
 B - a ring of resist corrosion (left hand)
Wands
 q - a wand of flame (35)
 x - a wand of polymorph (10)
 F - a wand of iceblast (8)
Scrolls
 e - a scroll of fog {unknown}
 g - 6 scrolls of remove curse
 h - a scroll of blinking
 m - 3 scrolls of enchant weapon
 o - 8 scrolls of teleportation
 r - a scroll of immolation
 y - a scroll of fear
 D - 2 scrolls of enchant armour {unknown}
Potions
 b - a potion of berserk rage {unknown}
 d - 2 potions of might
 j - a potion of magic {unknown}
 n - 4 potions of curing {unknown}
 p - a potion of brilliance {unknown}
 t - a potion of degeneration {unknown}
 v - a potion of lignification {unknown}
 z - 4 potions of heal wounds {unknown}
 C - 2 potions of haste {unknown}
Comestibles
 f - 18 rations


   Skills:
 + Level 8.1 Fighting
 + Level 9.9 Long Blades
 + Level 8.2 Armour
 + Level 6.5 Dodging
 + Level 8.3 Shields
 + Level 5.8 Invocations


You had 9 spell levels left.
You didn't know any spells.
Your spell library was empty.

Dungeon Overview and Level Annotations

Branches:
Dungeon (11/15)            Temple (1/1) D:4
   Lair: D:8-11         Orc: D:9-12

Altars:
Ashenzari
Cheibriados
Dithmenos
Elyvilon
Gozag
Hepliaklqana
Makhleb
Nemelex Xobeh
Okawaru
Qazlal
Ru
Sif Muna
Trog
Uskayaw
Vehumet
Wu Jian
Xom
Yredelemnul
Zin
The Shining One

Shops:
D:4 =((   D:5 (

Annotations:
D:3 2 transporters


Innate Abilities, Weirdness & Mutations

You reflexively headbutt those who attack you in melee.
You have a pair of horns on your head.


Message History

The minotaur hits you but does no damage.
The minotaur closely misses you.
You hit the minotaur but do no damage. You headbutt the minotaur!
The minotaur is moderately wounded.
You slice the minotaur!!
The minotaur is heavily wounded.
The minotaur hits you with a staff of conjuration.
* * * LOW HITPOINT WARNING * * *
The minotaur gores you!
* * * LOW HITPOINT WARNING * * *
You are near starving!
You slash the minotaur! You headbutt the minotaur!
The minotaur is severely wounded.
You block the minotaur's attack. x2
You slash the minotaur!
The minotaur is almost dead.
You hit the minotaur. Your headbutt misses the minotaur.
The minotaur is almost dead.
The minotaur hits you with a staff of conjuration!!
You die...

# . # . .. #
. ## #.# . ##
## #### ##. #
... . ...# #
.########.
#.#......# .
# #@#### #..
#.#.H.<#. ..#
#.######.#..#
#........ . .
##### ## .


You could see a minotaur.

Vanquished Creatures
  A hydra (D:11)
  A two-headed ogre (D:8)
  An unseen horror (D:11)
  Pikel (D:5)
  A gargoyle (D:11)
  A hippogriff (D:7)
  A hungry ghost (D:11)
  2 vampire mosquitoes (D:11)
  An eye of draining (D:8)
  2 slaves (D:5)
  An orc warrior (D:11)
  A sky beast (D:6)
  2 phantoms
  3 ogres
  8 centaurs
  Blork the orc (D:5)
  2 big kobolds (D:11)
  2 bullfrogs
  3 scorpions
  A howler monkey (D:8)
  A bullfrog zombie (D:5)
  3 hounds
  An orc priest (D:6)
  An iguana (D:7)
  A centaur skeleton (D:5)
  Ijyb (D:5)
  4 worker ants
  3 orc wizards
  A hound zombie (D:5)
  5 gnolls
  A howler monkey skeleton (D:5)
  9 adders
  2 shadow imps
  5 oozes
  2 worms
  A dart slug (D:6)
  4 leopard geckos
  26 orcs
  2 ball pythons
  7 giant cockroaches
  7 goblins
  5 hobgoblins
  4 jackals
  2 quokkas
  A bat (D:3)
  8 frilled lizards
  A jackal skeleton (D:4)
  16 kobolds
  A leopard gecko skeleton (D:5)
  6 rats
167 creatures vanquished.

Vanquished Creatures (others)
  2 slaves (D:5)
2 creatures vanquished.

Grand Total: 169 creatures vanquished

Notes
Turn   | Place    | Note
-------+----------+-------------------------------------------
     0 | D:1      | George the Minotaur Fighter began the quest for the Orb.
     0 | D:1      | Reached XP level 1. HP: 19/19 MP: 0/0
    58 | D:1      | Reached skill level 3 in Long Blades
    86 | D:1      | Reached XP level 2. HP: 13/26 MP: 1/1
   416 | D:1      | Reached skill level 4 in Long Blades
   620 | D:2      | Reached XP level 3. HP: 28/31 MP: 2/2
   631 | D:2      | Reached skill level 5 in Long Blades
   636 | D:2      | Reached XP level 4. HP: 21/39 MP: 3/3
  1236 | D:3      | Found a glowing silver altar of Zin.
  1500 | D:3      | Reached skill level 6 in Long Blades
  1504 | D:3      | Reached XP level 5. HP: 39/45 MP: 4/4
  1685 | D:3      | Noticed an ogre
  1686 | D:3      | Found a white marble altar of Elyvilon.
  1715 | D:3      | Found a transporter.
  1717 | D:3      | Found a transporter.
  1906 | D:4      | Found a staircase to the Ecumenical Temple.
  1917 | Temple   | Entered the Ecumenical Temple
  1947 | Temple   | Became a worshipper of the Shining One
  2230 | D:4      | Found Puogg's Jewellery Boutique.
  2269 | D:4      | Found a sacrificial altar of Ru.
  2446 | D:4      | Found Lenguac's Weapon Emporium.
  2512 | D:4      | Reached skill level 1 in Dodging
  2512 | D:4      | Reached XP level 6. HP: 43/52 MP: 5/5
  2527 | D:4      | Found an ornate altar of the Wu Jian Council.
  2608 | D:4      | Reached skill level 1 in Invocations
  2716 | D:4      | Found Raawunirph's Weapon Boutique.
  2775 | D:5      | Entered Level 5 of the Dungeon
  2796 | D:5      | Noticed a slave
  2796 | D:5      | Noticed a slave
  2798 | D:5      | Noticed Pikel
  2808 | D:5      | Noticed a slave
  2809 | D:5      | Noticed a slave
  2812 | D:5      | Noticed Blork the orc
  2813 | D:5      | Killed a slave
  2822 | D:5      | Killed a slave
  2829 | D:5      | Killed Pikel
  2829 | D:5      | Reached skill level 7 in Long Blades
  2829 | D:5      | Reached XP level 7. HP: 35/60 MP: 5/7
  2845 | D:5      | Killed Blork the orc
  2845 | D:5      | Reached skill level 5 in Armour
  2895 | D:5      | Found Neosecwu's Weapon Boutique.
  2946 | D:5      | Reached skill level 5 in Fighting
  2946 | D:5      | Reached skill level 5 in Shields
  2975 | D:5      | Found a shimmering altar of Xom.
  2982 | D:5      | Found a radiant altar of Vehumet.
  2999 | D:5      | Reached * piety under the Shining One
  3004 | D:5      | Reached XP level 8. HP: 44/68 MP: 7/9
  3309 | D:5      | Found a bloodstained altar of Trog.
  3417 | D:5      | Reached skill level 8 in Long Blades
  3598 | D:5      | Noticed Ijyb
  3605 | D:5      | Killed Ijyb
  4496 | D:6      | Found a snail-covered altar of Cheibriados.
  5062 | D:7      | Noticed a hippogriff
  5073 | D:7      | Killed a hippogriff
  5073 | D:7      | Reached XP level 9. HP: 56/77 MP: 9/11
  5103 | D:7      | Found a hazy altar of Hepliaklqana.
  5236 | D:7      | Reached ** piety under the Shining One
  5404 | D:7      | Reached skill level 5 in Dodging
  5627 | D:7      | Found an iron altar of Okawaru.
  5917 | D:8      | Reached skill level 9 in Long Blades
  5985 | D:8      | Noticed a two-headed ogre
  5992 | D:8      | Killed a two-headed ogre
  5992 | D:8      | Reached skill level 5 in Invocations
  6212 | D:8      | You fall through a shaft for 3 floors!
  6273 | D:11     | Reached XP level 10. HP: 73/86 MP: 12/12
  6369 | D:11     | Noticed a six-headed hydra
  6381 | D:11     | Killed a six-headed hydra
  6397 | D:11     | Noticed a gargoyle
  6398 | D:11     | Noticed an unseen horror
  6410 | D:11     | Killed an unseen horror
  6433 | D:11     | Killed a gargoyle
  6460 | D:11     | Found a snail-covered altar of Cheibriados.
  6537 | D:11     | Found a labyrinth entrance.
  6546 | Lab      | Entered a labyrinth
  6802 | Lab      | Noticed a minotaur
  6817 | Lab      | Slain by a minotaur

Vault maps used:
D:1:      lemuel_arrival_rhombus
D:2:      first_ration
D:3:      gammafunk_temple_overflow_arena, lemuel_crystal_altar
D:4:      cheibrodos_helix_gallery, lemuel_coloured_pillars_altar,
          kennysheep_mini_moat, temple_statues, serial_shops, shop, shop, shop,
          hangedman_decor_peaks_small
D:5:      overflow_temple_1_default, overflow_temple_1_default, serial_bayou,
          serial_bayou_pond_a, serial_bayou_pond_b, serial_bayou_shore_a,
          serial_bayou_crossing, basic_altar, serial_shops,
          nicolae_shop_waterfront, uniq_ijyb, uniq_blork_the_orc, uniq_pikel
D:6:      minmay_crystal_room, hangedman_abyss_or_decor_lesser_grid,
          st_stairs_9, kennysheep_slug_shrine
D:7:      kennysheep_little_box, kennysheep_okawaru_gauntlet
D:11:     lab_entry_generic, basic_altar, minivault_12
Temple:   minmay_temple_bridge_abc
Lab:      labyrinth_spiral, nicolae_lab_hexagon, nicolae_lab_big_swirl,
          nicolae_lab_do_over, nicolae_lab_quarters

Skill      XL: |  1  2  3  4  5  6  7  8  9 10 |
---------------+-------------------------------+-----
Long Blades    | 3 4 5 6 7 8 9 |  9.9
Armour         | 4 5 6 7 8 |  8.2
Dodging        | 1 2 3 4 5 6 |  6.5
Fighting       | 4 5 6 7 8 |  8.1
Shields        | 4 5 6 7 8 |  8.3
Invocations    | 2 4 5 |  5.8

Action                   |  1- 3 |  4- 6 |  7- 9 | 10-12 || total
-------------------------+-------+-------+-------+-------++-------
Melee: Long sword        |    56 |   151 |   288 |    61 ||   556
       Headbutt          |    10 |    29 |    61 |    25 ||   125
       Trident           |       |       |     2 |       ||     2
       Scimitar          |       |       |       |    13 ||    13
       Rapier            |       |       |       |     9 ||     9
Invok: Divine Shield     |       |       |       |     3 ||     3
 Abil: Evoke Berserk Rag |       |       |       |     1 ||     1
Evoke: Wand              |       |       |     1 |       ||     1
  Use: Scroll            |       |       |     7 |       ||     7
  Eat: Chunk             |       |     6 |    11 |     1 ||    18
       Ration            |       |       |     1 |       ||     1
Armor: Scale mail        |    17 |    71 |    31 |       ||   119
       Chain mail        |       |       |    53 |    17 ||    70
       Plate armour      |       |       |       |     6 ||     6
Dodge: Dodged            |    13 |    58 |    70 |    20 ||   161
Block: Shield            |    25 |    90 |   172 |    70 ||   357
       Rpst.: Long sword |     2 |    20 |    16 |     2 ||    40

Table legend:
 A = Spawn XP
 B = Non-spawn XP
 C = Spawn XP percentage of total XP
 D = Spawn monster count
 E = Non-spawn monster count
 F = Spawn count percentage of total count
 G = Total turns spent on level
                    A         B        C        D         E        F      G
               +---------+---------+-------+---------+---------+-------+---------
         Total |       0 |    8167 |   0.0 |       0 |     165 |   0.0 |  6817
               +---------+---------+-------+---------+---------+-------+---------
           D:1 |       0 |      35 |   0.0 |       0 |      15 |   0.0 |   524
           D:2 |       0 |      82 |   0.0 |       0 |      11 |   0.0 |   712
           D:3 |       0 |     116 |   0.0 |       0 |      25 |   0.0 |   666
           D:4 |       0 |     207 |   0.0 |       0 |      11 |   0.0 |   682
           D:5 |       0 |    1739 |   0.0 |       0 |      31 |   0.0 |  1090
           D:6 |       0 |     571 |   0.0 |       0 |      18 |   0.0 |  1159
           D:7 |       0 |     914 |   0.0 |       0 |      20 |   0.0 |   747
           D:8 |       0 |    1350 |   0.0 |       0 |       8 |   0.0 |   441
          D:11 |       0 |    3153 |   0.0 |       0 |      26 |   0.0 |   334
               +---------+---------+-------+---------+---------+-------+---------
